 Dungeon Crawl Stone Soup version 0.25-a0-1130-g3926558f3a (webtiles) character file.

Game seed: 14421464677149473876, levelgen mode: deterministic

38 Flugslaktarn the Grave Robber (level 3, -1/26 HPs)
             Began as an Octopode Wanderer on May 19, 2020.
             Slain by a worm (9 damage)
             ... on level 2 of the Dungeon.
             The game lasted 00:02:06 (1419 turns).

Flugslaktarn the Grave Robber (Octopode Wanderer)   Turns: 1419, Time: 00:02:07

Health: -1/26      AC:  1    Str: 12    XL:     3   Next: 43%
Magic:  6/6        EV: 12    Int: 15    God:
Gold:   69         SH:  0    Dex: 10    Spells: 4/6 levels left

rFire    . . .     SeeInvis .   a - +0 spear
rCold    . . .     Gourm    .   (no shield)
rNeg     . . .     Faith    .   (helmet restricted)
rPois    .         Spirit   .   (no amulet)
rElec    .         Reflect  .   (no ring)
rCorr    .         Harm     .   (no ring)
MR       .....                  (no ring)
Stlth    +++.......             (no ring)
HPRegen  0.08/turn              (no ring)
MPRegen  0.10/turn              (no ring)
                                (no ring)
                                (no ring)

@: no status effects
A: almost no armour, stealthy swim, amphibious, 8 rings, constrict 8, camouflage
1, gelatinous body 1
a: no special abilities


You were on level 2 of the Dungeon.
You were not hungry.

You visited 1 branch of the dungeon, and saw 2 of its levels.

You collected 69 gold pieces.

Inventory:

Hand Weapons
 a - a +0 spear (weapon)
Missiles
 b - 6 javelins (quivered)
Scrolls
 f - a scroll of identify {unknown}
 g - a scroll of amnesia {unknown}
 h - a scroll of fog {unknown}
Potions
 c - a potion of curing {unknown}
 i - 2 potions of brilliance {unknown}
Comestibles
 d - a chunk of flesh
 e - 3 rations


   Skills:
 - Level 3.0 Fighting
 - Level 2.0 Polearms
 + Level 0.7 Dodging
 - Level 1.3 Stealth
 - Level 2.0 Spellcasting
 - Level 4.0 Necromancy
   Level 1.1 Evocations


You had 4 spell levels left.
You knew the following spells:

 Your Spells              Type           Power        Failure   Level  Hunger
a - Pain                  Necr           ##..         4%          1    #......
b - Animate Skeleton      Necr           N/A          4%          1    #......

Your spell library contained the following spells:

 Spells                   Type           Power        Failure   Level  Hunger
 Vampiric Draining        Necr           ##........   13%         3    ###....
 Sting                    Tmut/Pois      #...         22%         1    #......
 Animate Dead             Necr           N/A          38%         4    #####..
 Ignite Poison            Fire/Tmut/Pois #.......     54%         3    ###....
 Agony                    Necr           ##......     75%         5    ######.


Dungeon Overview and Level Annotations

Branches:
Dungeon (2/15)

Altars:


Innate Abilities, Weirdness & Mutations

You cannot wear most types of armour.
You are very stealthy in the water. (Stealth+)
You are amphibious.
You can wear up to eight rings at the same time.
You can use your tentacles to constrict eight enemies at once.
Your skin changes colour to match your surroundings (Stealth+).
Your rubbery body absorbs attacks. (AC +1, EV +1)


Message History

Press: ? - help, Dir - move target cursor, f - worm
Aim: a worm You reach to attack!
You hit the worm.
The worm is lightly wounded.
You hit the worm. Your grab misses the worm.
The worm is moderately wounded.
You hit the worm but do no damage. Your grab misses the worm.
The worm is moderately wounded.
The worm bites you!
You hit the worm. You grab the worm.
The worm is moderately wounded.
You constrict the worm. You hit the worm but do no damage.
The worm is moderately wounded.
You constrict the worm. The worm bites you.
You hit the worm.
The worm is severely wounded.
You constrict the worm.
The bat barely misses you. x2; The bat hits you.
The worm bites you!
You die...

b.. ... .... ..##
..# #..# ... ..####
#.##....# #..#).# .
#..#.## ...
##.wb.####.....
#########@..."......
#..<........#.......
#.......).#.........
#...................
#..)......##....!...
#.........# ........
#............##.....
#######.....## .##(h
..##### .


You could see a worm and a bat.

Vanquished Creatures
  A dart slug (D:1)
  A leopard gecko (D:1)
  2 giant cockroaches (D:2)
  5 hobgoblins (D:1)
  3 jackals (D:2)
  6 kobolds (D:1)
  A ball python (D:2)
  3 bats (D:1)
  A frilled lizard (D:1)
  4 goblins
  3 rats
30 creatures vanquished.

Vanquished Creatures (collateral kills)
  A hobgoblin (D:1)
1 creature vanquished.

Grand Total: 31 creatures vanquished

Notes
Turn   | Place    | Note
-------+----------+-------------------------------------------
     0 | D:1      | Flugslaktarn the Octopode Wanderer began the quest for the
                  | Orb.
     0 | D:1      | Flugslaktarn set off with the following items: a +0 spear,
                  | a ration; and the following spells available to memorise:
                  | Animate Skeleton, Pain, Sting, Vampiric Draining, Animate
                  | Dead, Ignite Poison, Agony
     0 | D:1      | Reached XP level 1. HP: 16/16 MP: 2/2
    27 | D:1      | Learned a level 1 spell: Animate Skeleton
    29 | D:1      | Learned a level 1 spell: Pain
   109 | D:1      | Reached skill level 1 in Polearms
   310 | D:1      | Reached XP level 2. HP: 21/21 MP: 3/3
   841 | D:1      | Reached XP level 3. HP: 26/26 MP: 5/5
  1419 | D:2      | Slain by a worm

Illustrated notes

Levels and vault maps discovered:
D:1:      sevenhm_arrival_forest_fort_large_2, layout_basic
D:2:      layout_rooms, grunt_temple_overflow_magic_moments,
          serial_park_tiny_pond

Skill      XL: |  1  2  3 |
---------------+----------+-----
Polearms       | 1 2 |  2.0
Spellcasting   | 2 |  2.0
Fighting       | |  3.0
Dodging        | |  0.7
Stealth        | |  1.3
Necromancy     | |  4.0
Evocations     | |  1.1

Action                   || total
-------------------------++-------
Melee: Spear             ||    81
       Constrict         ||    17
       Tentacles         ||     9
 Cast: Animate Skeleton  ||     5
 Stab: Sleeping          ||    10
  Eat: Chunk             ||     2
Armor: Skin              ||     5
Dodge: Dodged            ||    40

Table legend:
 A = Non-vault XP
 B = Vault XP
 C = Vault XP percentage of total XP
 D = Non-vault monster count
 E = Vault monster count
 F = Vault count percentage of total count
                 A         B        C        D         E       F
            +---------+---------+-------+---------+---------+-------
      Total |      55 |       0 |   0.0 |      31 |       0 |   0.0
            +---------+---------+-------+---------+---------+-------
        D:1 |      39 |       0 |   0.0 |      22 |       0 |   0.0
        D:2 |      16 |       0 |   0.0 |       9 |       0 |   0.0
            +---------+---------+-------+---------+---------+-------
